AoeStats
← So sad

Nomad

506883812Analyzed
3v3 RM · 16d ago on Sep 15, 2026· 41m 58s· 6 players
Game mode
Random Map
Map size
210×210
Population
200
Speed
Normal
Resources
Standard
Victory
Conquest
Starting age
Dark Age
Ending age
Imperial Age
RankedLock teamsTeams togetherTeam positionsShared explorationLock speedFull tech treeHidden civsTurbo modeCheats
Victory
Defeat
🇹🇼 Sicilians · Taiwan
1503
+12
🇹🇼 Magyars · Taiwan
1255
+23
🇹🇼 Mongols · Taiwan
1122
+27
🇺🇦 Malay · Ukraine
1417
-21
🇧🇾 Italians · Belarus
1416
-21
🇧🇾 Bohemians · Belarus
1374
-20
So sad
5:24 Loom
14:18 Feudal Age
15:30 Town Watch
18:44 Castle Age
16:33 Fishing Lines
27:34 Redemption
30:28 Sanctity
30:22 Double-Bit Axe
31:16 Pikeman
31:57 Squires
34:44 Scale Mail Armor
34:56 Forging
36:46 Wheelbarrow
41:28 Imperial Age
39:16 Hand Cart
39:37 Town Patrol
41:08 Chain Mail Armor
41:29 Iron Casting
41:16 Fletching
NiL
4:46 Loom
13:12 Feudal Age
14:06 Fishing Lines
15:28 Double-Bit Axe
19:40 Forging
19:26 Gold Mining
19:29 Stone Mining
22:05 Horse Collar
24:40 Fletching
30:08 Castle Age
28:39 Padded Archer Armor
28:49 Scale Barding Armor
29:59 Bodkin Arrow
30:20 Medium Warships
31:07 Bow Saw
31:34 Squires
33:45 Iron Casting
35:18 Pikeman
HURMA
5:16 Loom
13:25 Feudal Age
16:58 Castle Age
17:02 Padded Archer Armor
16:58 Fletching
17:38 Fishing Lines
20:08 Bodkin Arrow
20:36 Gold Mining
23:55 Leather Archer Armor
24:56 Horse Collar
36:53 Wheelbarrow
36:50 Double-Bit Axe
38:27 Bow Saw
40:07 Town Watch
42:05 Stone Mining
42:41 Hand Cart
酒精呆呆獸
10:57 Loom
14:13 Feudal Age
15:31 Double-Bit Axe
17:49 Castle Age
16:06 Gold Mining
18:53 Medium Warships
19:57 Bow Saw
19:54 Town Watch
22:04 Wheelbarrow
23:55 Fishing Lines
24:18 Stone Mining
26:38 Horse Collar
28:56 Scale Barding Armor
31:21 Chain Barding Armor
33:01 Gold Shaft Mining
35:31 Imperial Age
34:03 Hand Cart
34:27 Heavy Plow
37:15 Plate Barding Armor
37:29 Conscription
38:49 Corvinian Army
40:12 Crop Rotation
40:46 Two-Man Saw
39:56 Heavy Cavalry Archer
41:14 Ballistics
41:22 Capped Ram
42:30 Parthian Tactics
42:23 Thumb Ring
larryluo72
9:17 Loom
13:19 Feudal Age
18:10 Castle Age
18:48 Bloodlines
18:55 Forging
21:04 Husbandry
Ma
11:13 Loom
13:23 Feudal Age
17:21 Castle Age
15:50 Double-Bit Axe
18:17 Medium Warships
20:56 Town Watch
23:30 Bow Saw
30:41 Wheelbarrow
33:42 Fishing Lines
36:12 Hand Cart
39:05 Imperial Age
36:50 Gold Mining
36:51 Stone Mining
39:57 Imperial Age
39:05 Horse Collar
39:38 Scale Barding Armor
39:44 Forging
39:41 Scale Mail Armor
39:50 Squires
39:36 Arson
41:13 Conscription
41:34 Iron Casting
42:01 Chain Mail Armor
41:08 Elite Serjeant
43:34 Blast Furnace
Connection lost

Rejoining the realm…

Still unreachable

The connection could not be restored.

Session expired

The server has moved on; the page needs a fresh start.